 Dungeon Crawl Stone Soup version 0.32-a0-876-gcfddb08e57 (webtiles) character file.

Game seed: 10737567972161341220

152 Autsider the Digger (level 5, -15/30 HPs)
             Began as a Gargoyle Earth Elementalist on Mar 31, 2024.
             Demolished by Edmund
             ... wielding a +2 heavy dire flail
              (17 damage)
             ... on level 4 of the Dungeon.
             The game lasted 00:08:44 (2632 turns).

Autsider the Digger (Gargoyle Earth Elementalist)   Turns: 2632, Time: 00:08:45

Health: -15/30     AC:  7    Str: 11    XL:     5   Next: 34%
Magic:  1/9        EV: 10    Int: 18    God:
Gold:   121        SH:  3    Dex: 10    Spells: 5/9 levels left

rFire   . . .        p - +3 dagger (freeze)
rCold   . . .        g - +0 buckler
rNeg    + . .        a - +0 robe
rPois   ∞            (no helmet)
rElec   +            (no cloak)
rCorr   .            (no gloves)
SInv    .            e - +0 pair of boots
Will    .....        (no amulet)
Stlth   ++           (no ring)
HPRegen 0.25/turn    (no ring)
MPRegen 0.11/turn

%: no passive effects
@: no status effects
A: sickness immunity, AC +4, negative energy resistance 1, electricity
resistance, torment resistance 1, petrification resistance
a: no special abilities


You were on level 4 of the Dungeon.
You visited 1 branch of the dungeon, and saw 4 of its levels.

You collected 121 gold pieces.

Inventory:

Hand Weapons
 l - a +0 spear
 p - a +3 dagger of freezing (weapon)
Missiles
 h - 35 stones
 k - 5 poisoned darts
Armour
 a - a +0 robe (worn)
 e - a +0 pair of boots (worn)
 g - a +0 buckler (worn)
Scrolls
 c - 3 scrolls of identify {unknown}
 d - 2 scrolls of fear {unknown}
 f - a scroll of butterflies {unknown}
 q - a scroll of amnesia {unknown}
 s - a scroll of teleportation {unknown}
Potions
 b - a potion of magic
 i - 2 potions of brilliance {unknown}
 j - 3 potions of curing {unknown}
 m - a potion of cancellation {unknown}
 n - a potion of invisibility {unknown}
 o - 2 potions of degeneration {unknown}
 r - a potion of lignification {unknown}


   Skills:
 + Level 2.1 Fighting
 - Level 1.5 Dodging
 - Level 2.1 Stealth
 + Level 0.3 Shields
 + Level 2.9 Spellcasting
 + Level 2.1 Conjurations
 * Level 5.3 Earth Magic


You had 5 spell levels left.
You knew the following spells:

 Your Spells              Type           Power      Damage    Failure   Level
a - Sandblast             Erth           42%        2d11      2%          1
b - Stone Arrow           Conj/Erth      32%        3d9       16%         3

Your spell library contained the following spells:

 Spells                   Type           Power      Damage    Failure   Level
 Passwall                 Erth           21%        N/A       9%          3
 Brom's Barrelling Bould  Conj/Erth      16%        2d4       45%         4
 Fugue of the Fallen      Necr           2%         N/A       58%         3
 Ozocubu's Armour         Ice            2%         N/A       58%         3
 Volatile Blastmotes      Fire/Tloc      4%         2d10      58%         3
 Lee's Rapid Deconstruct  Erth           10%        3d8*      58%         5
 Leda's Liquefaction      Alch/Erth      6%         N/A       63%         4
 Petrify                  Alch/Erth      12%        N/A       63%         4
 Vhi's Electric Charge    Tloc/Air       4%         N/A       94%         4
 Bombard                  Conj/Erth      8%         9d2       100%        6
 Permafrost Eruption      Ice/Erth       6%         2x4d2     100%        6
 Manifold Assault         Tloc           1%         N/A       100%        7


Dungeon Overview and Level Annotations

Branches:
Dungeon (4/15)
 Temple: D:4-7

Altars:
Fedhas
Trog

Annotations:
D:3 1 runed translucent door, zyxw121's ghost, amateur HuFi
D:4 Edmund; Pikel


Innate Abilities, Weirdness & Mutations

You are immune to sickness and miasma.
Your stone body is resilient. (AC +4)
You are immune to poison.
You resist negative energy. (rN+)
You are resistant to electric shocks. (rElec)
You are resistant to unholy torment.
You are immune to petrification.


Message History

The blast of sand hits Edmund but does no damage.
Edmund is moderately wounded.
Edmund hits you with a +2 heavy dire flail!
Ouch! That really hurt!
* * * LOW HITPOINT WARNING * * *
Casting: Sandblast (safe; 2% risk of failure)
Confirm with . or Enter, or press ? or * to list all spells.
Aiming: Sandblast (safe; 2% risk of failure)
Press: ? - help, Shift-Dir - straight line, f/p - Edmund
Aim: Edmund, wielding a +2 heavy dire flail and wearing a +0 leather armour (moderately wounded, 83% to hit)
The blast of sand hits Edmund!
Edmund is severely wounded.
Edmund closely misses you.
Casting: Sandblast (safe; 2% risk of failure)
Confirm with . or Enter, or press ? or * to list all spells.
Aiming: Sandblast (safe; 2% risk of failure)
Press: ? - help, Shift-Dir - straight line, f/p - Edmund
Aim: Edmund, wielding a +2 heavy dire flail and wearing a +0 leather armour (severely wounded, 83% to hit)
The blast of sand hits Edmund!
Edmund is almost dead.
Edmund hits you with a +2 heavy dire flail!
* * * LOW HITPOINT WARNING * * *
Casting: Sandblast (safe; 2% risk of failure)
Confirm with . or Enter, or press ? or * to list all spells.
Aiming: Sandblast (safe; 2% risk of failure)
Press: ? - help, Shift-Dir - straight line, f/p - Edmund
Aim: Edmund, wielding a +2 heavy dire flail and wearing a +0 leather armour (almost dead, 83% to hit)
The blast of sand hits Edmund.
Edmund is almost dead.
Edmund barely misses you.
Casting: Sandblast (safe; 2% risk of failure)
Confirm with . or Enter, or press ? or * to list all spells.
Aiming: Sandblast (safe; 2% risk of failure)
Press: ? - help, Shift-Dir - straight line, f/p - Edmund
Aim: Edmund, wielding a +2 heavy dire flail and wearing a +0 leather armour (almost dead, 83% to hit)
The blast of sand misses Edmund.
Edmund hits you with a +2 heavy dire flail!
Ouch! That really hurt!
You die...
Edmund says, "I'd like to see a scythe do that!"

######
....#
...
##@#
##<@##
#....#
#....#
#....#
#....#
##..##
####


You could see Edmund.

Vanquished Creatures
  A lemure (D:3)
  A bombardier beetle (D:4)
  A hound (D:4)
  Robin (D:3)
  An adder (D:3)
  3 dart slugs
  2 ribbon worms (D:2)
  2 endoplasms
  4 giant cockroaches
  4 hobgoblins
  6 kobolds
  2 quokkas
  3 ball pythons
  4 bats
  A frilled lizard (D:1)
  15 goblins
51 creatures vanquished.

Notes
Turn   | Place    | Note
-------+----------+-------------------------------------------
     0 | D:1      | Autsider the Gargoyle Earth Elementalist began the quest
                  | for the Orb.
     0 | D:1      | Reached XP level 1. HP: 10/10 MP: 3/3
   324 | D:1      | Reached XP level 2. HP: 16/16 MP: 5/5
   412 | D:1      | Reached skill level 4 in Earth Magic
   707 | D:2      | Found a faded altar of an unknown god.
   853 | D:2      | Reached skill level 1 in Fighting
   977 | D:2      | Reached XP level 3. HP: 20/20 MP: 2/6
  1217 | D:2      | Learned a level 3 spell: Stone Arrow
  1561 | D:3      | Noticed Robin
  1575 | D:3      | Killed Robin
  1586 | D:3      | Found a bloodstained altar of Trog.
  1594 | D:3      | Reached XP level 4. HP: 8/25 MP: 2/7
  1967 | D:3      | Found a runed translucent door.
  1972 | D:3      | Noticed a bullfrog
  1978 | D:3      | Noticed zyxw121's ghost (amateur HuFi)
  2273 | D:3      | Found a blossoming altar of Fedhas.
  2372 | D:4      | Reached skill level 5 in Earth Magic
  2376 | D:4      | Reached XP level 5. HP: 30/30 MP: 4/9
  2490 | D:4      | Noticed Pikel
  2490 | D:4      | Noticed a lemure
  2490 | D:4      | Noticed a lemure
  2490 | D:4      | Noticed a lemure
  2491 | D:4      | Noticed a lemure
  2512 | D:3      | Killed a lemure
  2625 | D:4      | Noticed Edmund
  2630 | D:4      | HP: 1/30 [Edmund/+2 heavy dire flail (11)]
  2632 | D:4      | Demolished by Edmund

Illustrated notes

Levels and vault maps discovered:
D:1:      minmay_arrival_widening_spiral_wide, layout_loops_ring
D:2:      layout_basic, ebering_ecumenical_altar_rust
D:3:      layout_basic, fedhas_altar_fruit_tree, bloody_trog,
          ebering_ghost_sewer_d, uniq_robin
D:4:      layout_gridville, serial_shops, shop, uniq_pikel, uniq_blork_the_orc,
          uniq_edmund

Skill      XL: |  1  2  3  4 |
---------------+-------------+-----
Earth Magic    | 4 5 |  5.3
Fighting       | 1 2 |  2.1
Conjurations   | 2 |  2.1
Dodging        | |  1.5
Stealth        | |  2.1
Shields        | |  0.3
Spellcasting   | |  2.9

Action                     |  1- 3 |  4- 6 || total
---------------------------+-------+-------++-------
  Melee: Hand axe          |    10 |       ||    10
         Unarmed           |     1 |       ||     1
         Spear             |    13 |     9 ||    22
         Dagger            |       |     4 ||     4
   Cast: Sandblast         |    35 |    36 ||    71
         Stone Arrow       |       |     1 ||     1
    Use: Potion            |     1 |       ||     1
   Stab: Sleeping          |     2 |     2 ||     4
 Armour: Robe              |    25 |    29 ||    54
  Dodge: Dodged            |    36 |    14 ||    50

Table legend: (Time is in decaauts)
 A = Elapsed time spent in this place.
 B = Non-inter-level travel time spent in this place.
 C = Inter-level travel time spent in this place.
 D = Time resting spent in this place.
 E = Time spent auto-exploring this place.
 F = Levels seen in this place.
 G = Mean time per level.
                   A        B        C        D        E       F      G
               +--------+--------+--------+--------+--------+-----+--------+
         Total |   2670 |   2524 |    146 |    180 |   1939 |   4 |  667.5 |
       Dungeon |   2670 |   2524 |    146 |    180 |   1939 |   4 |  667.5 |
               +--------+--------+--------+--------+--------+-----+--------+

Top non-repeatable levels by time:
     D:3: 1009 daAuts
     D:2: 844 daAuts
     D:1: 656 daAuts
     D:4: 159 daAuts
